 Dungeon Sprint DCSS version 0.30.1-3-gfc49f6343a (webtiles) character file.

Game seed: 6889900655135110679

1722 boopmooplesden the Impaler (level 8, -4/88 HPs)
             Began as a Minotaur Berserker on Aug 3, 2023.
             Was an Elder of Trog.
             Slain by a fire elemental (10 damage)
             ... summoned by a deep elf pyromancer
             ... in the Dungeon (Sprint IX: "|||||||||||||||||||||||||||||").
             The game lasted 00:00:47 (251 turns).

boopmooplesden the Impaler (Minotaur Berserker)      Turns: 251, Time: 00:00:47

Health: -4/88      AC: 12    Str: 29    XL:     8   Next: 75%
Magic:  7/7        EV: 11    Int:  4    God:    Trog [****..]
Gold:   0          SH:  0    Dex: 11    Spells: 7/7 levels left

rFire   . . .        k - +2 halberd (heavy)
rCold   . . .        (shield currently unavailable)
rNeg    . . .        m - +1 chain mail
rPois   .            (helmet restricted)
rElec   .            l - +0 cloak
rCorr   .            (no gloves)
SInv    .            (no boots)
Will    ++...        (no amulet) Stlth
                     o - +3 ring of strength
HPRegen 1.34/turn    n - +3 ring of strength
MPRegen 0.10/turn

%: no teleportation
@: strong-willed, on berserk cooldown, regenerating, slowed, very slow
A: horns 2, retaliatory headbutt
a: Renounce Religion, Berserk, Trog's Hand, Brothers in Arms


You were in the Dungeon.
You worshipped Trog.
Trog was greatly pleased with you.
You visited 1 branch

Inventory:

Hand Weapons
 a - a +0 spear
 k - a +2 heavy halberd (weapon)
Armour
 b - a +0 animal skin
 l - a +0 cloak (worn)
 m - a +1 chain mail (worn)
Jewellery
 n - a +3 ring of strength (right hand)
 o - a +3 ring of strength (left hand)
Wands
 j - a wand of roots (10)
Scrolls
 h - 2 scrolls of blinking
Potions
 c - 5 potions of curing
 d - 3 potions of heal wounds
 e - a potion of haste
 f - 4 potions of magic
 g - a potion of berserk rage
 i - a potion of invisibility


   Skills:
 + Level 13.8 Fighting
 + Level 16.5 Polearms
 + Level 6.9 Armour
 + Level 7.3 Dodging


You had 7 spell levels left.
You didn't know any spells.
Your spell library was empty.

Dungeon Overview and Level Annotations

Branches:
Dungeon (1/1)

Altars:
Cheibriados
Dithmenos
Elyvilon
Fedhas
Gozag
Hepliaklqana
Kikubaaqudgha
Makhleb
Nemelex Xobeh
Okawaru
Qazlal
Ru
Sif Muna
Trog
Uskayaw
Vehumet
Wu Jian
Xom
Yredelemnul
Zin
The Shining One
Jiyva
Lugonu


Innate Abilities, Weirdness & Mutations

You have a pair of horns on your head.
You reflexively headbutt those who attack you in melee.


Message History

Trog accepts your kill. The gnoll sergeant misses you.
The gnoll sergeant hits you from afar with a +0 spear.
The gnoll sergeant hits you but does no damage.
You see here a killer bee corpse.
You slice the gnoll sergeant!!
You kill the gnoll sergeant!
Trog accepts your kill.
Items here: ) [[ †.
You open the door.
A vampire mosquito, a human, an efreet, a seven-headed hydra and 2 deep elf pyromancers come into view.
The efreet is wielding a +4 scimitar of flaming.
A deep elf pyromancer is wielding a +0 rapier of draining.
The deep elf pyromancer shouts!
The human shouts!
The deep elf pyromancer shouts!
The human changes into a queen bee!
The deep elf pyromancer gestures wildly while chanting.
The deep elf pyromancer blinks!
The deep elf pyromancer casts a spell.
The deep elf pyromancer hits you but does no damage.
You miss the deep elf pyromancer.
Your headbutt misses the deep elf pyromancer.
The deep elf pyromancer mumbles some strange words.
The deep elf pyromancer blinks!
The deep elf pyromancer mumbles some strange words.
Your skin crawls.
You feel strong-willed.
The deep elf pyromancer gestures wildly while chanting.
The fire elemental closely misses you. You furiously retaliate!
You headbutt the fire elemental, but do no damage.
The deep elf pyromancer casts a spell at you.
The bolt of fire hits you!!
* * * LOW HITPOINT WARNING * * *
The bolt of fire hits the fire elemental.
The fire elemental completely resists.
You hit the deep elf pyromancer. You headbutt the deep elf pyromancer!
The deep elf pyromancer is heavily wounded.
The fire elemental hits you. The fire elemental burns you!
* * * LOW HITPOINT WARNING * * *
The fire elemental hits you. The fire elemental burns you!
You die...

▓.▓
▓.▓
▓)▓
▓†▓
▓)▓
▓.▓
▓.▓
▓E▓
▓@▓
▓e▓
▓D▓
▓y▓
▓E▓
▓y▓
▓R▓
▓e▓


You could see a seven-headed hydra, 2 deep elf pyromancers, a queen bee shaped
shifter, an efreet, 2 fire elementals and a vampire mosquito.

Vanquished Creatures
  2 two-headed ogres (D)
  An unseen horror (D)
  An acid dragon (D)
  A scorpion (D)
  A gnoll sergeant (D)
  A killer bee (D)
  An iguana (D)
  An adder (D)
  An ufetubus (D)
  An endoplasm (D)
  A goblin (D)
  A hobgoblin (D)
  A jackal (D)
  A kobold (D)
  A ball python (D)
16 creatures vanquished.

Notes
Turn   | Place    | Note
-------+----------+-------------------------------------------
     0 | D        | boopmooplesden the Minotaur Berserker began the quest for
                  | the Orb.
     0 | D        | Reached XP level 1. HP: 19/19 MP: 0/0
    11 | D        | Reached skill level 4 in Polearms
    12 | D        | Reached ** piety under Trog
    23 | D        | Noticed an iguana
    23 | D        | Noticed a scorpion
    29 | D        | Reached skill level 5 in Fighting
    29 | D        | Reached skill level 5 in Polearms
    29 | D        | Reached XP level 2. HP: 20/29 MP: 1/1
    32 | D        | Reached *** piety under Trog
    33 | D        | Reached skill level 6 in Polearms
    33 | D        | Reached XP level 3. HP: 23/37 MP: 2/2
    36 | D        | Killed a scorpion
    37 | D        | Reached skill level 8 in Polearms
    37 | D        | Reached XP level 4. HP: 29/47 MP: 3/3
    42 | D        | Found a snail-covered altar of Cheibriados.
    42 | D        | Found a shadowy altar of Dithmenos.
    42 | D        | Found a white marble altar of Elyvilon.
    42 | D        | Found a blossoming altar of Fedhas.
    42 | D        | Found an opulent altar of Gozag.
    43 | D        | Found a hazy altar of Hepliaklqana.
    44 | D        | Found a viscous altar of Jiyva.
    45 | D        | Found an ancient bone altar of Kikubaaqudgha.
    46 | D        | Found a corrupted altar of Lugonu.
    47 | D        | Found a burning altar of Makhleb.
    48 | D        | Found a sparkling altar of Nemelex Xobeh.
    49 | D        | Found an iron altar of Okawaru.
    50 | D        | Found a stormy altar of Qazlal.
    51 | D        | Found a sacrificial altar of Ru.
    52 | D        | Found a shimmering blue altar of Sif Muna.
    53 | D        | Found a bloodstained altar of Trog.
    54 | D        | Found a hide-covered altar of Uskayaw.
    55 | D        | Found a radiant altar of Vehumet.
    56 | D        | Found an ornate altar of the Wu Jian Council.
    57 | D        | Found a shimmering altar of Xom.
    58 | D        | Found a basalt altar of Yredelemnul.
    59 | D        | Found a glowing silver altar of Zin.
    60 | D        | Found a glowing golden altar of the Shining One.
   226 | D        | Noticed an acid dragon
   226 | D        | Noticed a two-headed ogre
   226 | D        | Noticed a gnoll sergeant
   226 | D        | Noticed a two-headed ogre
   232 | D        | Killed an acid dragon
   233 | D        | Reached skill level 10 in Polearms
   233 | D        | Reached XP level 5. HP: 56/56 MP: 4/4
   235 | D        | Killed a two-headed ogre
   235 | D        | Reached **** piety under Trog
   236 | D        | Reached skill level 14 in Polearms
   236 | D        | Reached XP level 6. HP: 52/70 MP: 5/5
   236 | D        | Reached XP level 7. HP: 57/77 MP: 6/6
   237 | D        | Killed an unseen horror
   238 | D        | Reached skill level 15 in Polearms
   238 | D        | Reached XP level 8. HP: 64/85 MP: 7/7
   238 | D        | Killed a two-headed ogre
   239 | D        | Reached skill level 16 in Polearms
   248 | D        | Noticed a deep elf pyromancer
   248 | D        | Noticed an efreet
   248 | D        | Noticed a seven-headed hydra
   248 | D        | Noticed a deep elf pyromancer
   248 | D        | a human changed into a queen bee
   248 | D        | Noticed a queen bee (shapeshifter)
   251 | D        | Slain by a fire elemental

Illustrated notes

Levels and vault maps discovered:
D:        linesprint [early_d, line_temple, items_1, d_10, items_2, lair_1,
          lair_end, items_3, orc_1, orc_end, items_4, d_15, swamp_1, shoals_1,
          snake_1, spider_1, d_20, vaults_1, items_5, swamp_end, shoals_end,
          snake_end, spider_end, vaults_end, d_27, items_6, zot_1, zot_end,
          crypt_end, forest_end, elf_end, slime_end, tomb_end, abyss_end,
          pan_hell_end]

Skill      XL: |  1  2  3  4  5  6  7  8 |
---------------+-------------------------+-----
Fighting       | 5 6 7 8 12 13 | 13.8
Polearms       | 5 6 8 10 14 15 16 | 16.5
Armour         | 3 4 6 |  6.9
Dodging        | 3 4 6 7 |  7.3

Action                     |  1- 3 |  4- 6 |  7- 9 || total
---------------------------+-------+-------+-------++-------
  Melee: Spear             |    24 |       |       ||    24
         Headbutt          |     4 |       |     1 ||     5
         Halberd           |       |     8 |     7 ||    15
 Invoke: Berserk           |     1 |     1 |       ||     2
         Trog's Hand       |       |       |     1 ||     1
 Armour: Animal skin       |     2 |       |       ||     2
         Chain mail        |       |     7 |     6 ||    13
  Dodge: Dodged            |    15 |     4 |     3 ||    22
